 Dungeon Crawl Stone Soup version 0.17.1-3-g152610e (webtiles) character file.

1003 colpogo the Chiller (level 8, -2/60 HPs)
             Began as a Merfolk Ice Elementalist on Apr 12, 2016.
             Was an Initiate of Makhleb.
             Slain by an ice beast (3 damage)
             ... on level 5 of the Dungeon.
             The game lasted 00:38:19 (6862 turns).

colpogo the Chiller (Merfolk Ice Elementalist)      Turns: 6862, Time: 00:38:19

Health: -2/60      AC:  3    Str:  7 (8)  XL:     8   Next: 20%
Magic:  14/14      EV: 13    Int: 14 (15) God:    Makhleb [......]
Gold:   385        SH:  0    Dex: 14 (16) Spells: 2 memorised, 10 levels left

rFire  . . .     SeeInvis +     u - +0 halberd
rCold  . . .     Clarity  .     j - +0 leather armour
rNeg   . . .     SustAt   .     (shield currently unavailable)
rPois  .         Gourm    .     (no helmet)
rElec  .         Spirit   .     (no cloak)
rCorr  .         Warding  .     (no gloves)
rMut   .         Stasis   .     (no boots)
MR     .....                    (no amulet)
Stlth  +++.......               (no ring)
                                y - ring of stealth

@: not resistant to hostile enchantments, fairly stealthy
A: change form in water, swift swim, see invisible, deterioration 2, high mp 1,
wild magic 2
a: Renounce Religion


You were on level 5 of the Dungeon.
You worshipped Makhleb.
Makhleb was noncommittal.
You were hungry.

You visited 2 branches of the dungeon, and saw 7 of its levels.

You collected 385 gold pieces.

Inventory:

Hand Weapons
 n - a +0 mace
 u - a +0 halberd (weapon)
 v - a +0 spear
Armour
 a - a +0 robe
 j - a +0 leather armour (worn)
Jewellery
 y - a ring of stealth (left hand)
Wands
 q - a wand of fireball (12)
Scrolls
 f - a scroll of fog {unknown}
 g - 7 scrolls of remove curse
 h - 4 scrolls of teleportation {unknown}
 m - a scroll of enchant armour {unknown}
 o - a scroll of amnesia {unknown}
 r - a scroll of recharging {unknown}
 s - a scroll of noise {unknown}
 x - 4 scrolls of identify {unknown}
 z - a scroll of blinking {unknown}
 B - a scroll of acquirement {unknown}
Potions
 e - 2 potions of flight {unknown}
 i - a potion of magic {unknown}
 k - 2 potions of berserk rage {unknown}
 l - 2 potions of heal wounds {unknown}
 t - a potion of resistance {unknown}
 w - a potion of curing {unknown}
Books
 b - a book of Frost

   Spells                             Type                      Level
   a - Freeze                         Ice                          1
   b - Throw Frost                    Conjuration/Ice              2
   c - Ozocubu's Armour               Charms/Ice                   3
   d - Throw Icicle                   Conjuration/Ice              4
   e - Summon Ice Beast               Ice/Summoning                4
   f - Condensation Shield            Ice                          4
 p - a book of Party Tricks

   Spells                             Type                      Level
   a - Summon Butterflies             Summoning                    1
   b - Apportation                    Translocation                1
   c - Tukima's Dance                 Hexes                        3
   d - Alistair's Intoxication        Transmutation/Poison         4
   e - Invisibility                   Hexes                        6
Comestibles
 c - 6 bread rations
 d - a meat ration
 A - 3 fruits
 C - a beef jerky


   Skills:
 + Level 3.8 Fighting
 * Level 4.6 Polearms
 - Level 2.1 Armour
 + Level 4.9 Dodging
 - Level 2.1 Stealth
 + Level 3.5 Spellcasting
   Level 0.7 Conjurations
 * Level 2.9 Charms
 + Level 5.7 Ice Magic


You had 10 spell levels left.
You knew the following spells:

 Your Spells              Type           Power        Failure   Level  Hunger
a - Freeze                Ice            ####         14%         1    #......
b - Ozocubu's Armour      Chrm/Ice       ####....     45%         3    ###....


Dungeon Overview and Level Annotations

Branches:
Dungeon (6/15)             Temple (1/1) D:5

Altars:
Ashenzari
Cheibriados
Elyvilon
Fedhas
Gozag
Kikubaaqudgha
Makhleb
Nemelex Xobeh
Qazlal
Ru
Trog
Vehumet
Yredelemnul

Shops:
D:5 (


Innate Abilities, Weirdness & Mutations

You revert to your normal form in water.
You are very nimble and swift while swimming.
You have supernaturally acute eyesight.
Your body often deteriorates upon taking damage.
You have an increased reservoir of magic (+10% MP).
Your spells are harder to cast, but more powerful.


Message History

The ice beast hits you but does no damage.
A worker ant comes into view.
You are feeling hungry.
There is an escape hatch in the floor here.
You hit the ice beast.
The ice beast is lightly wounded.
The ice beast hits you. The ice beast freezes you!
* * * LOW HITPOINT WARNING * * *
Your body deteriorates!
You feel clumsy.
You hit the ice beast.
The ice beast is moderately wounded.
The ice beast closely misses you. The ice beast hits you.
* * * LOW HITPOINT WARNING * * *
The ice beast freezes you!
* * * LOW HITPOINT WARNING * * *
Your body deteriorates!
You feel clumsy.
You barely miss the ice beast.
The ice beast is moderately wounded.
The ice beast hits you.
You die...

.#...# #...# #####.###....#
.#.#.# #...# #.# ####.###
...#.###...# ##.# ####...##
####.......# #..# #......>#
####.......# #.## #.....#..
...#.###...# #.# #.....##.
##.#.#.....# ###.####.....###
.#...#.....#######............# #
######....###...@Y.#####......# #
#..##....###..####.##.^.......# #
..###.#..##..#####.##.###.....# #
..# #.#.....###.......# #.....# #
..###...#.#####.#(##### #.....###
........#..##.....# ###########..
..(##.......#.##.####...........#
...##..###.......).##.###########
....#..#####..#.##....## #.


You could see an ice beast.

Vanquished Creatures
  A hippogriff (D:6)
  A sky beast (D:5)
  2 ogres
  A scorpion (D:3)
  A crimson imp (D:3)
  An orc priest (D:3)
  A centaur skeleton (D:4)
  2 hounds (D:4)
  3 orc wizards
  An iguana (D:5)
  4 worker ants (D:4)
  8 adders
  3 gnolls (D:3)
  2 oozes
  An adder skeleton (D:5)
  3 worms
  3 giant geckos
  9 orcs
  4 giant cockroaches
  9 hobgoblins
  13 kobolds
  A quokka (D:2)
  5 bats
  A giant gecko zombie (D:5)
  5 giant newts
  8 goblins
  17 jackals
  A quokka zombie (D:5)
  5 rats
116 creatures vanquished.

Notes
Turn   | Place    | Note
--------------------------------------------------------------
     0 | D:1      | colpogo the Merfolk Ice Elementalist began the quest for the Orb.
     0 | D:1      | Reached XP level 1. HP: 13/13 MP: 3/3
   177 | D:1      | Reached XP level 2. HP: 20/20 MP: 0/5
   459 | D:1      | Reached skill level 1 in Fighting
   573 | D:1      | Reached XP level 3. HP: 18/26 MP: 4/6
   884 | D:2      | Reached skill level 1 in Armour
  1855 | D:2      | Reached XP level 4. HP: 28/33 MP: 7/7
  2515 | D:3      | Reached skill level 4 in Ice Magic
  2640 | D:3      | Reached XP level 5. HP: 22/39 MP: 2/8
  3011 | D:3      | Reached XP level 6. HP: 13/46 MP: 3/10
  3236 | D:3      | Learned a level 3 spell: Ozocubu's Armour
  3548 | D:3      | Reached skill level 1 in Polearms
  4103 | D:4      | HP: 2/47 [poisoned by an adder]
  4111 | D:4      | HP: 1/47 [poisoned by an adder]
  4677 | D:4      | Reached skill level 5 in Ice Magic
  4677 | D:4      | Reached XP level 7. HP: 30/52 MP: 7/11
  5368 | D:4      | Reached skill level 1 in Charms
  5620 | D:5      | Entered Level 5 of the Dungeon
  5621 | D:5      | Found a staircase to the Ecumenical Temple.
  5645 | Temple   | Entered the Ecumenical Temple
  5724 | Temple   | Became a worshipper of Makhleb the Destroyer
  5855 | D:5      | Found Qibu's Antique Weapon Emporium.
  6170 | D:5      | Found a bloodstained altar of Trog.
  6539 | D:5      | Reached XP level 8. HP: 27/60 MP: 13/13
  6543 | D:5      | Gained mutation: Your spells are a little harder to cast, but a little more powerful. [mutagenic meat]
  6544 | D:5      | Gained mutation: Your body sometimes deteriorates upon taking damage. [mutagenic meat]
  6545 | D:5      | Gained mutation: You have an increased reservoir of magic (+10% MP). [mutagenic meat]
  6546 | D:5      | Gained mutation: You have supernaturally acute eyesight. [mutagenic meat]
  6547 | D:5      | Gained mutation: Your spells are harder to cast, but more powerful. [mutagenic meat]
  6548 | D:5      | Gained mutation: Your body often deteriorates upon taking damage. [mutagenic meat]
  6861 | D:5      | HP: 1/60 [ice beast (10)]
  6862 | D:5      | Slain by an ice beast

Action                   |  1- 3 |  4- 6 |  7- 9 || total
-------------------------+-------+-------+-------++-------
Melee: Club              |     8 |       |       ||     8
       Whip              |    30 |       |       ||    30
       Mace              |    48 |    32 |       ||    80
       Halberd           |       |    95 |    64 ||   159
       Trident           |       |    15 |       ||    15
 Cast: Freeze            |    24 |    78 |    38 ||   140
  Use: Scroll            |       |     1 |       ||     1
 Stab: Sleeping          |     1 |     6 |     4 ||    11
  Eat: Chunk             |     2 |    12 |     7 ||    21
       Meat ration       |       |       |     1 ||     1
